 Dungeon Crawl Stone Soup version 0.19.4 (webtiles) character file.

71590 Gargoyl the Cleaver (level 15, -12/129 HPs)
             Began as a Ghoul Abyssal Knight on Feb 2, 2017.
             Was the Champion of Lugonu.
             Mangled by Rupert
             ... wielding a +1 battleaxe of electrocution
              (16 damage)
             ... on level 2 of the Orcish Mines.
             The game lasted 00:53:11 (20875 turns).

Gargoyl the Cleaver (Ghoul Abyssal Knight)         Turns: 20875, Time: 00:53:12

Health: -12/129    AC: 23    Str: 21    XL:     15   Next: 37%
Magic:  23/23      EV: 11    Int:  7    God:    Lugonu [******]
Gold:   2917       SH:  0    Dex: 14    Spells: 0 memorised, 14 levels left

rFire  + . .     SeeInvis .     G - +4 battleaxe (elec)
rCold  + . .     Gourm    .     a - +1 chain mail of the Hunter {rF+ Dex+2}
rNeg   + + +     Faith    .     (shield currently unavailable)
rPois  ∞         Spirit   .     w - +1 helmet
rElec  .         Reflect  .     F - +0 cloak
rCorr  .         Harm     .     g - +2 pair of gloves
MR     +....                    n - +0 pair of boots
Stlth  ..........               (no amulet)
                                y - +2 ring of dexterity
                                b - +4 ring of slaying

@: confused, rotting
A: rotting body, claws 1, carnivore 3, cold resistance 1, negative energy
resistance 3, slow regeneration 1, torment resistance, unbreathing
a: Depart the Abyss, Bend Space, Banish, Corrupt, Enter the Abyss, Brand Weapon
With Distortion, Renounce Religion


You were on level 2 of the Orcish Mines.
You worshipped Lugonu.
Lugonu was exalted by your worship.
You were not hungry.

You visited 3 branches of the dungeon, and saw 18 of its levels.
You visited the Abyss 1 time.
You also visited: Ossuary, Bailey and Ice Cave.

You collected 3430 gold pieces.
You spent 513 gold pieces at shops.

Inventory:

Hand Weapons
 h - a +8 battleaxe
 E - a +0 battleaxe
 G - a +4 battleaxe of electrocution (weapon)
 L - a +2 spear of venom
Missiles
 q - a javelin (quivered)
Armour
 a - the +1 chain mail of the Hunter (worn) {rF+ Dex+2}
   (You bought it in a shop on level 8 of the Dungeon)

   It affects your dexterity (+2).
   It protects you from fire.
 g - a +2 pair of gloves (worn)
 n - a +0 pair of boots (worn)
 w - a +1 helmet (worn)
 F - a +0 cloak (worn)
Jewellery
 b - a +4 ring of slaying (left hand)
 y - a +2 ring of dexterity (right hand)
 P - an uncursed ring of fire
Wands
 k - a wand of iceblast (7/15)
 l - a wand of flame (28/48)
 N - a wand of teleportation (7/9)
 Q - a wand of lightning (7/15)
Scrolls
 j - a scroll of magic mapping
 m - 2 scrolls of remove curse
 r - 6 scrolls of identify
 s - 6 scrolls of amnesia
 M - 2 scrolls of recharging
 O - a scroll of fog
Potions
 e - a potion of might
 o - 3 potions of curing
 p - 2 potions of agility
 t - 5 potions of cancellation
 u - 2 potions of haste
 v - 5 potions of flight
 x - a potion of invisibility {unknown}
 z - 4 potions of magic {unknown}
 A - a potion of lignification {unknown}
 B - a potion of resistance {unknown}
 C - 5 potions of berserk rage {unknown}
 D - a potion of beneficial mutation {unknown}
 J - 2 potions of brilliance {unknown}
 K - a potion of mutation {unknown}
Books
 I - a book of Necromancy

   Spells                             Type                      Level
   a - Pain                           Necromancy                   1
   b - Animate Skeleton               Necromancy                   1
   c - Vampiric Draining              Necromancy                   3
   d - Regeneration                   Charms/Necromancy            3
   e - Animate Dead                   Necromancy                   4
   f - Control Undead                 Necromancy                   4
Comestibles
 c - 8 meat rations
 f - 3 slices of pizza
 i - 10 beef jerkies


   Skills:
 + Level 11.1 Fighting
 + Level 14.7 Axes
 + Level 1.1 Throwing
 * Level 13.0 Armour
 + Level 4.8 Dodging
 * Level 12.6 Invocations


You had 14 spell levels left.
You didn't know any spells.

Dungeon Overview and Level Annotations

Branches:
Dungeon (10/15)            Temple (0/1) D:7            Lair (6/6) D:10
  Swamp (0/4) Lair:3       Spider (0/4) Lair:4        Slime (0/5) Lair:5
    Orc (2/2) D:9             Elf (0/3) Orc:2

Altars:
Ashenzari
Kikubaaqudgha
Sif Muna
Trog
The Shining One
Beogh

Shops:
D:8 (![   Orc:2 [[

Annotations:
Orc:2 Rupert


Innate Abilities, Weirdness & Mutations

Your body is rotting away.
You thrive on raw meat.
You are immune to poison.
You have sharp fingernails.
You are carnivorous and can eat meat at any time.
Your flesh is cold resistant. (rC+)
You are immune to negative energy. (rN+++)
You regenerate slowly when monsters are visible.
You are immune to unholy pain and torment.
You can survive without breathing.


Message History

Press: ? - help, Shift-Dir - straight line, f/p - Rupert
Aim: Rupert, wielding a battleaxe of electrocution and wearing a chain mail (almost dead, berserk, fast, unusually strong)
You throw a javelin.
Rupert hits you with a battleaxe of electrocution!!
You are electrocuted!
Rupert hits you with a battleaxe of electrocution!!
Okay, then.
You're too confused!
There isn't anything here!
You're too confused!
Unknown command.
Rupert hits you with a battleaxe of electrocution!!
* * * LOW HITPOINT WARNING * * *
You are electrocuted!
* * * LOW HITPOINT WARNING * * *
Okay, then.
Rupert hits you with a battleaxe of electrocution.
* * * LOW HITPOINT WARNING * * *
You are electrocuted!
You die...

....# ...#(....#... .#.##
#........... ..
..########.........#####..
.## #..8.............8....
.####...................(.
...#.........._...........
.....................(....
...[)[.8........@)÷(.8....
.#...#####......@))#####..
....## #...........#
##..## ...#.....#...#
##...# .. #...).##...#
....## . #.....# #...#
.....# ####8.(.8# #.∩#
....#####.##(.(..# ###
...........#..(.##
........#.#(.((#.##


You could see Rupert (berserk).

Vanquished Creatures
  Kirke (Lair:4)
  An orc warlord (Orc:1)
  Nessos (Lair:4)
  A fire dragon (Lair:6)
  2 ice dragons (IceCv)
  A catoblepas (Lair:2)
  Erica (Orc:1)
  8 death yaks
  An orc high priest (Orc:2)
  Sonja (Lair:4)
  A deep elf archer (Orc:2)
  2 lindwurms (Lair:6)
  3 orc knights
  4 orc sorcerers
  2 wolf spiders (Lair:6)
  Maurice (D:7)
  17 elephants
  2 ice statues (IceCv)
  7 black mambas
  A guardian serpent (Lair:6)
  23 spiny frogs
  6 torpor snails (Lair:6)
  5 rime drakes
  A centaur skeleton (D:10)
  2 ice devils (Lair:5)
  7 komodo dragons
  5 trolls
  A polar bear (Lair:3)
  2 two-headed ogres (Orc:1)
  10 blink frogs
  3 slime creatures (Lair:5)
  9 hornets (Lair:6)
  3 tyrant leeches (Lair:6)
  5 hippogriffs
  A redback (Lair:6)
  30 yaks
  6 wyverns
  6 hogs
  2 basilisks
  3 hungry ghosts
  5 wargs
  A steam dragon (D:9)
  2 insubstantial wisps (D:9)
  18 water moccasins
  2 hell hounds (D:10)
  Duvessa (D:5)
  6 porcupines
  15 ice beasts
  28 orc warriors
  6 sky beasts
  2 black bears
  A hornet zombie (D:10)
  2 necrophages (D:10)
  3 phantoms
  19 wolves
  9 ogres
  The ghost of Jovan the Slasher, an amateur HuWn (D:3)
  2 centaurs (D:5)
  12 crocodiles
  2 big kobolds
  15 bullfrogs
  3 wyvern zombies (D:10)
  Dowan (D:5)
  3 scorpions
  2 howler monkeys
  7 wights
  3 vampire bats (D:6)
  A crimson imp (D:6)
  2 bullfrog zombies
  A quasit (D:10)
  A bullfrog skeleton (D:7)
  6 hounds
  3 jellies
  11 orc priests
  3 iguanas
  17 orc wizards
  9 worker ants
  A hound skeleton (D:8)
  9 mummies
  A worker ant zombie (D:9)
  13 adders
  A shadow imp (D:8)
  An ooze (D:1)
  3 adder skeletons
  An adder zombie (D:9)
  2 leopard geckos
  54 orcs
  13 bats
  4 giant cockroaches
  2 gnoll zombies (Ossuary)
  6 hobgoblins
  10 jackals
  25 kobolds
  3 quokkas
  A ball python (D:2)
  4 frilled lizards
  A giant cockroach zombie (D:6)
  7 goblins
  2 hobgoblin zombies (Ossuary)
  2 kobold zombies (Ossuary)
  2 orc zombies (Ossuary)
  8 rats
  5 fungi
  9 plants
603 creatures vanquished.

Vanquished Creatures (others)
  3 hydras
  An orb spider (Lair:4)
  2 spiny frogs
  A komodo dragon (Lair:4)
  An electric eel (Lair:3)
  9 fungi
  17 plants (Lair:6)
34 creatures vanquished.

Grand Total: 637 creatures vanquished

Notes
Turn   | Place    | Note
-------+----------+-------------------------------------------
     0 | Abyss:1  | Gargoyl the Ghoul Abyssal Knight began the quest for the Orb.
     0 | Abyss:1  | Reached XP level 1. HP: 19/19 MP: 1/1
    35 | Abyss:2  | Found a corrupted altar of Lugonu.
   109 | Abyss:3  | Noticed a dire elephant skeleton
   127 | Abyss:4  | Found a corrupted altar of Lugonu.
   141 | Abyss:4  | Noticed a thrashing horror
   184 | Abyss:4  | Noticed a large abomination
   187 | Abyss:4  | Noticed a neqoxec
   187 | Abyss:4  | Noticed a glowing orange brain
   187 | Abyss:4  | Noticed a neqoxec
   188 | D:1      | Escaped the Abyss
   245 | D:1      | Reached skill level 1 in Dodging
   410 | D:1      | Reached * piety under Lugonu
   444 | D:1      | Reached XP level 2. HP: 21/26 MP: 2/2
  1188 | D:2      | Reached skill level 2 in Axes
  1188 | D:2      | Reached XP level 3. HP: 21/33 MP: 3/3
  1424 | D:2      | Reached XP level 4. HP: 35/40 MP: 4/4
  1642 | D:2      | Found a bloodstained altar of Trog.
  1655 | D:2      | Reached ** piety under Lugonu
  1849 | D:3      | Noticed Jovan's ghost (amateur HuWn)
  1868 | D:3      | Killed Jovan's ghost
  1868 | D:3      | Reached XP level 5. HP: 23/46 MP: 5/5
  2092 | D:3      | Reached skill level 3 in Axes
  2432 | D:4      | Reached XP level 6. HP: 53/53 MP: 6/6
  2447 | D:4      | Found a sand-covered staircase.
  2451 | Ossuary  | Entered an ossuary
  3067 | D:4      | Reached skill level 4 in Axes
  3198 | D:4      | Reached *** piety under Lugonu
  3360 | D:4      | Reached XP level 7. HP: 49/60 MP: 8/8
  3420 | D:5      | Entered Level 5 of the Dungeon
  3616 | D:5      | Found a shattered altar of Ashenzari.
  3861 | D:4      | Reached skill level 5 in Fighting
  3861 | D:4      | Reached XP level 8. HP: 45/68 MP: 9/9
  3925 | D:5      | Reached skill level 5 in Axes
  4164 | D:5      | Reached skill level 5 in Armour
  4409 | D:5      | Noticed Duvessa
  4409 | D:5      | Noticed Dowan
  4414 | D:5      | Killed Duvessa
  4421 | D:5      | Killed Dowan
  5093 | D:6      | Reached skill level 6 in Axes
  5535 | D:6      | Reached XP level 9. HP: 55/74 MP: 11/11
  5751 | D:6      | Reached skill level 5 in Invocations
  6237 | D:6      | Reached skill level 7 in Axes
  6536 | D:7      | Reached **** piety under Lugonu
  6616 | D:7      | Found a staircase to the Ecumenical Temple.
  7161 | D:8      | Found Guashrih's Antique Armour Boutique.
  7164 | D:8      | Noticed Maurice
  7200 | D:7      | Killed Maurice
  7248 | D:8      | Bought a distressingly furry chain mail for 199 gold pieces
  7257 | D:8      | Reached skill level 8 in Axes
  7275 | D:8      | Identified the cursed +1 chain mail of the Hunter {rF+ Dex+2} (You bought it in a shop on level 8 of the Dungeon)
  7277 | D:8      | Bought a glowing chain mail for 220 gold pieces
  7277 | D:8      | Bought a helmet for 94 gold pieces
  7337 | D:8      | Reached XP level 10. HP: 83/83 MP: 13/13
  7471 | D:8      | Found Weomois's Distillery.
  7704 | D:8      | Found Uquefav's Weapon Emporium.
  8107 | D:9      | Got a heavily runed plate armour
  8108 | D:9      | Identified the +1 plate armour of the Sky {rF+++ MR- Int+6 Stlth+} (You found it on level 9 of the Dungeon)
  8276 | D:9      | Found a deep blue altar of Sif Muna.
  8454 | D:9      | Found a staircase to the Orcish Mines.
  8588 | D:10     | Entered Level 10 of the Dungeon
  8597 | D:9      | Reached skill level 9 in Axes
  8600 | D:9      | Reached ***** piety under Lugonu
  8706 | D:10     | Found a glowing golden altar of the Shining One.
  8782 | D:10     | Reached XP level 11. HP: 75/91 MP: 15/15
  8797 | D:10     | Found a flagged portal.
  8814 | Bailey   | Entered a bailey
  8814 | Bailey   | Noticed an orc knight
  8963 | Bailey   | Noticed an orc knight
  9249 | D:10     | Found a staircase to the Lair.
  9558 | D:10     | Reached skill level 10 in Axes
  9686 | Lair:1   | Entered Level 1 of the Lair of Beasts
 10655 | Lair:2   | Noticed a four-headed hydra
 10658 | Lair:2   | Banished a four-headed hydra
 10903 | Lair:2   | Noticed a catoblepas
 10914 | Lair:2   | HP: 2/93 [catoblepas/blast of calcifying dust (4)]
 10920 | Lair:2   | Killed a catoblepas
 10920 | Lair:2   | Reached skill level 11 in Axes
 10920 | Lair:2   | Reached XP level 12. HP: 18/101 MP: 13/17
 11364 | Lair:2   | Noticed a four-headed hydra
 11365 | Lair:2   | Banished a four-headed hydra
 11786 | Lair:3   | Reached skill level 10 in Armour
 12111 | Lair:3   | Found a staircase to the Swamp.
 12497 | Lair:4   | Noticed a five-headed hydra
 12501 | Lair:4   | Noticed Nessos
 12955 | Lair:3   | Banished a five-headed hydra
 12966 | Lair:3   | Reached skill level 10 in Invocations
 13017 | Lair:3   | Reached skill level 12 in Axes
 13095 | Lair:3   | Reached XP level 13. HP: 101/108 MP: 19/19
 13625 | Lair:4   | Killed Nessos
 13877 | Lair:4   | Noticed Sonja
 14152 | Lair:4   | Noticed Kirke
 14188 | Lair:4   | Killed Kirke
 14200 | Lair:4   | Killed Sonja
 14355 | Lair:4   | Identified a scroll of acquirement
 14356 | Lair:4   | Got a pair of shimmering gloves
 14367 | Lair:4   | Identified the -4 pair of gloves "Bonkugaq" {Slay+6} (You acquired it on level 4 of the Lair of Beasts)
 14480 | Lair:4   | Found a hole to the Spider Nest.
 14997 | Lair:5   | Found a staircase to the Slime Pits.
 15221 | Lair:5   | Found a frozen archway.
 15248 | IceCv    | Entered an ice cave
 15362 | IceCv    | Reached skill level 13 in Axes
 15767 | IceCv    | Noticed an ice dragon
 15768 | IceCv    | Noticed an ice dragon
 15777 | IceCv    | Killed an ice dragon
 15795 | IceCv    | Killed an ice dragon
 15795 | IceCv    | Reached XP level 14. HP: 59/119 MP: 21/21
 16381 | Lair:6   | Entered Level 6 of the Lair of Beasts
 16520 | Lair:5   | Reached skill level 1 in Throwing
 16912 | Lair:6   | Reached skill level 10 in Fighting
 17059 | Lair:6   | Found an ancient bone altar of Kikubaaqudgha.
 17793 | Lair:6   | Reached ****** piety under Lugonu
 18178 | Lair:6   | Found a runed door.
 18185 | Lair:6   | Reached skill level 14 in Axes
 18647 | Lair:6   | Reached XP level 15. HP: 82/128 MP: 23/23
 18988 | Orc:1    | Entered Level 1 of the Orcish Mines
 19148 | Orc:1    | Noticed Erica
 19155 | Orc:1    | Killed Erica
 19483 | Orc:2    | Entered Level 2 of the Orcish Mines
 19483 | Orc:2    | Found a staircase to the Elven Halls.
 19712 | Orc:2    | Found Ymuq's Armour Shop.
 19937 | Orc:2    | Noticed an orc warlord
 20015 | Orc:1    | Killed an orc warlord
 20375 | Orc:1    | Paralysed by an orc sorcerer for 2 turns
 20827 | Orc:2    | Found a roughly hewn altar of Beogh.
 20835 | Orc:2    | Found Soifu's Antique Armour Shoppe.
 20860 | Orc:2    | Noticed Rupert
 20875 | Orc:2    | HP: 4/129 [Rupert/battleaxe of electrocution (3)]
 20875 | Orc:2    | Mangled by Rupert

Skill      XL: |  1  2  3  4  5  6  7  8  9 10 11 12 13 14 15 |
---------------+----------------------------------------------+-----
Dodging        | 1 2 3 4 |  4.8
Armour         | 2 3 4 5 7 8 9 10 11 12 13 | 13.0
Fighting       | 4 5 6 7 8 9 10 11 | 11.1
Axes           | 2 3 4 6 8 9 11 12 13 14 | 14.7
Invocations    | 3 4 5 7 9 10 11 12 | 12.6
Throwing       | 1 |  1.1

Action                   |  1- 3 |  4- 6 |  7- 9 | 10-12 | 13-15 || total
-------------------------+-------+-------+-------+-------+-------++-------
Melee: Hand axe          |    76 |   171 |   296 |       |       ||   543
       Battleaxe         |       |       |    39 |   414 |   756 ||  1209
Throw: Javelin           |       |       |       |     1 |    15 ||    16
Invok: Depart the Abyss  |     1 |       |       |       |       ||     1
       Bend Space        |       |       |     2 |     2 |     1 ||     5
       Banish            |       |       |       |    10 |     3 ||    13
Evoke: Wand              |       |       |       |       |     1 ||     1
  Use: Scroll            |     8 |     4 |     8 |    19 |    12 ||    51
       Potion            |       |     1 |     2 |     9 |     4 ||    16
  Eat: Chunk             |    10 |    21 |    33 |   109 |   207 ||   380
Armor: Ring mail         |    45 |    81 |    50 |       |       ||   176
       Plate armour      |       |       |   174 |       |       ||   174
       Chain mail        |       |       |     4 |   449 |   700 ||  1153
Dodge: Dodged            |    50 |   112 |   163 |   269 |   583 ||  1177
